 Dungeon Crawl Stone Soup version 0.21-a0-207-g4a9efaf (webtiles) character file.

65 tehllama the Insei (level 4, -1/28 HPs)
             Began as an Octopode Transmuter on Aug 20, 2017.
             Slain by a gnoll
             ... wielding a +0 flail
              (5 damage)
             ... on level 3 of the Dungeon.
             The game lasted 00:01:59 (1901 turns).

tehllama the Insei (Octopode Transmuter)            Turns: 1901, Time: 00:02:01

Health: -1/28      AC:  2    Str: 10    XL:     4   Next: 14%
Magic:  4/7        EV: 10    Int: 15    God:
Gold:   134        SH:  0    Dex: 17    Spells: 1/7 levels left

rFire    . . .     SeeInvis .     - Unarmed
rCold    . . .     Gourm    .   (shield currently unavailable)
rNeg     . . .     Faith    .   (helmet currently unavailable)
rPois    .         Spirit   .   (no amulet)
rElec    .         Reflect  .   d - ring of poison resistance
rCorr    .         Harm     .   (no ring)
MR       .....                  (no ring)
Stlth    ++........             (no ring)
HPRegen  0.09/turn              (no ring)
MPRegen  0.10/turn              (no ring)
                                (no ring)
                                (no ring)

@: spider-form (expiring), held
A: almost no armour, stealthy swim, (amphibious), 8 rings, (constrict 8)
a: End Transformation


You were on level 3 of the Dungeon.
You were hungry.
You were a venomous arachnid creature.
You visited 1 branch of the dungeon, and saw 3 of its levels.

You collected 134 gold pieces.

Inventory:

Missiles
 a - 36 arrows
Jewellery
 d - a ring of poison resistance (left front leg)
 f - an uncursed ring of ice
Scrolls
 e - 2 scrolls of teleportation {unknown}
 i - a scroll of identify {unknown}
 k - 2 scrolls of immolation {unknown}
 m - a scroll of noise {unknown}
 n - 2 scrolls of blinking {unknown}
 p - 2 scrolls of remove curse {unknown}
 q - a scroll of enchant weapon {unknown}
 t - a scroll of amnesia {unknown}
Potions
 g - 2 potions of heal wounds {unknown}
 h - 3 potions of curing {unknown}
 j - a potion of agility {unknown}
 l - 2 potions of lignification {unknown}
 o - a potion of degeneration {unknown}
 r - a potion of haste {unknown}
Books
 b - a book of Changes

   Spells                             Type                      Level
   a - Beastly Appendage              Transmutation                1
   b - Sticks to Snakes               Transmutation                2
   c - Spider Form                    Transmutation/Poison         3
   d - Ice Form                       Ice/Transmutation            4
   e - Blade Hands                    Transmutation                5
Comestibles
 c - 2 bread rations
 s - 2 chunks of flesh


   Skills:
 + Level 1.5 Fighting
 - Level 2.0 Dodging
 + Level 0.8 Stealth
 * Level 4.6 Unarmed Combat
 - Level 2.0 Spellcasting
 - Level 2.0 Transmutations


You had one spell level left.
You knew the following spells:

 Your Spells              Type           Power        Failure   Level  Hunger
a - Beastly Appendage     Tmut           #.....       24%         1    #......
b - Sticks to Snakes      Tmut           #.......     32%         2    ###....
c - Spider Form           Tmut/Pois      #.........   63%         3    ###....


Dungeon Overview and Level Annotations

Branches:
Dungeon (3/15)

Altars:
Trog
Wu Jian


Innate Abilities, Weirdness & Mutations

You cannot wear most types of armour.
You are very stealthy in the water. (Stealth+)
((You are amphibious.))
You can wear up to eight rings at the same time.
((You can use your tentacles to constrict eight enemies at once.))
((Your skin changes colour to match your surroundings (Stealth+).))
((Your rubbery body absorbs attacks. (AC +1, EV +1)))


Message History

You barely miss the orc. The ooze misses you. The bat barely misses you.
A goblin comes into view. It is wielding a club.
The goblin shouts!
You hit the orc.
The orc is almost dead.
The bat closely misses you. The orc misses you. The ooze misses you.
You barely miss the orc.
The orc is almost dead.
You are feeling hungry.
The bat barely misses you.
The gnoll throws a throwing net.
The throwing net hits you.
You become entangled in the net!
The gnoll barely misses you. The ooze closely misses you.
The orc hits you but does no damage. The ooze barely misses you.
You struggle against the net.
The bat barely misses you. The ooze hits you. The gnoll hits you!
The orc hits you.
* * * LOW HITPOINT WARNING * * *
The ooze hits you.
* * * LOW HITPOINT WARNING * * *
The bat hits you but does no damage. The gnoll hits you with a flail.
You die...

.... ....... #........#
#........# #.......g#
#........########
#.......gJgJ....#
####........gs.[...#
#............ob....#
#..........>....!..#
#........#$..........
#........#.).....?.!.
##........#...........
###.........#...........
#......######.........##
#......# ###########


You could see 3 gnolls, 2 oozes, an orc, a goblin and a bat.

Vanquished Creatures
  An adder (D:2)
  2 oozes
  A leopard gecko (D:1)
  5 bats
  5 giant cockroaches
  4 hobgoblins (D:1)
  5 jackals (D:1)
  4 kobolds
  2 quokkas
  3 frilled lizards
  5 goblins
  5 rats
42 creatures vanquished.

Notes
Turn   | Place    | Note
-------+----------+-------------------------------------------
     0 | D:1      | tehllama the Octopode Transmuter began the quest for the Orb.
     0 | D:1      | Reached XP level 1. HP: 13/13 MP: 3/3
    14 | D:1      | You fall through a shaft!
   237 | D:1      | Reached XP level 2. HP: 18/18 MP: 3/5
   468 | D:1      | Reached skill level 4 in Unarmed Combat
   549 | D:1      | Reached XP level 3. HP: 21/23 MP: 6/6
  1419 | D:2      | Found an ornate altar of the Wu Jian Council.
  1574 | D:2      | Found a bloodstained altar of Trog.
  1597 | D:2      | Reached XP level 4. HP: 28/28 MP: 7/7
  1797 | D:3      | Learned a level 2 spell: Sticks to Snakes
  1801 | D:3      | Learned a level 3 spell: Spider Form
  1901 | D:3      | Slain by a gnoll

Vault maps used:
D:1:      mrwooster_arrival_statue_2
D:2:      nicolae_overflow_crystal_walls, bloody_trog
D:3:      chequers_temple_overflow_statue_of_worship, lemuel_doored_altar,
          lemuel_another_geyser

Skill      XL: |  1  2 |
---------------+-------+-----
Unarmed Combat | 4 |  4.6
Fighting       | |  1.5
Dodging        | |  2.0
Stealth        | |  0.8
Spellcasting   | |  2.0
Transmutations | |  2.0

Action                   |  1- 3 |  4- 6 || total
-------------------------+-------+-------++-------
Melee: Unarmed           |    85 |    16 ||   101
       Constrict         |    22 |     1 ||    23
       Kick              |     4 |     2 ||     6
       Tentacles         |    12 |       ||    12
       Punch             |     1 |       ||     1
 Cast: Beastly Appendage |    12 |     2 ||    14
       Spider Form       |       |     1 ||     1
 Stab: Sleeping          |     4 |     3 ||     7
  Eat: Royal jelly       |     1 |       ||     1
       Chunk             |       |     1 ||     1
Armor: Skin              |    11 |     4 ||    15
Dodge: Dodged            |    46 |    27 ||    73
